 Dungeon Crawl Stone Soup version 0.22-a0-271-gc000056a37 (webtiles) character file.

235 RedPan the Insei (level 5, -3/42 HPs)
             Began as a Demonspawn Monk on Mar 10, 2018.
             Slain by RedPan's ghost (10 damage)
             ... on level 3 of the Dungeon.
             The game lasted 00:07:36 (4653 turns).

RedPan the Insei (Demonspawn Monk)                  Turns: 4653, Time: 00:07:37

Health: -3/42      AC:  5    Str: 17    XL:     5   Next: 76%
Magic:  0/5        EV: 14    Int: 11    God:
Gold:   150        SH:  0    Dex: 16    Spells: 4/4 levels left

rFire    . . .     SeeInvis +     - Unarmed
rCold    . . .     Gourm    .   (no shield)
rNeg     . . .     Faith    .   a - +0 robe
rPois    .         Spirit   +   n - +0 helmet
rElec    .         Reflect  .   (no cloak)
rCorr    .         Harm     .   (no gloves)
MR       .....                  (no boots)
Stlth    ++........             (no amulet)
HPRegen  0.14/turn              e - ring of see invisible
MPRegen  0.09/turn              (no ring)

@: mighty, drained
A: talons 2, yellow scales 1, magic shield
a: no special abilities


You were on level 3 of the Dungeon.
You were not hungry.

You visited 1 branch of the dungeon, and saw 3 of its levels.
You also visited: Sewer.

You collected 150 gold pieces.

Inventory:

Armour
 a - a +0 robe (worn)
 i - a +0 buckler
 n - a +0 helmet (worn)
Jewellery
 e - a ring of see invisible (left hand)
 p - an uncursed amulet of rage {unknown}
Wands
 l - a wand of polymorph (1)
Scrolls
 f - 3 scrolls of teleportation
 h - a scroll of immolation {unknown}
 j - 2 scrolls of identify {unknown}
 m - a scroll of blinking
 o - a scroll of enchant weapon {unknown}
 r - a scroll of fear {unknown}
 s - a scroll of noise {unknown}
Potions
 d - 3 potions of curing
 g - a potion of ambrosia
 k - a potion of degeneration {unknown}
 q - a potion of lignification {unknown}
Comestibles
 b - 5 rations


   Skills:
 + Level 4.0(3.9) Fighting
 + Level 3.6(3.5) Dodging
 - Level 1.7(1.6) Stealth
 + Level 1.0(0.9) Shields
 * Level 4.5(4.3) Unarmed Combat


You had 4 spell levels left.
You didn't know any spells.

Dungeon Overview and Level Annotations

Branches:
Dungeon (3/15)

Altars:
Hepliaklqana
Kikubaaqudgha
Okawaru
Xom

Annotations:
D:3 RedPan's ghost, amateur DsMo


Innate Abilities, Weirdness & Mutations

You have razor-sharp toenails.
You are partially covered in yellow scales. (AC +2)
When hurt, damage is shared between your health and your magic reserves.


Message History

You feel less confused.
You hit RedPan's ghost.
RedPan's ghost is heavily damaged.
RedPan's ghost hits you!
You barely miss RedPan's ghost.
RedPan's ghost is heavily damaged.
RedPan's ghost closely misses you.
You hit RedPan's ghost but do no damage.
RedPan's ghost is heavily damaged.
You hit RedPan's ghost.
RedPan's ghost is heavily damaged.
RedPan's ghost hits you.
You closely miss RedPan's ghost.
RedPan's ghost is heavily damaged.
RedPan's ghost hits you!
* * * LOW HITPOINT WARNING * * *
It was a potion of might.
You feel very mighty all of a sudden. RedPan's ghost hits you!
You die...

.# #.# #.....(...# #.# #.## )#
#.# ####.###### #.# ##.## )#
#.# #.# #.#####.... .#
#.#########.#### #.......##.
.#
#..............#####.####..##.
.# #############........#
#..... ## #.######## #...##
#.# ##.... ### #@# #(##. ..#
#W# #.##. #.# #.# #.### #.#
#########.# #.# # ###
#.?.......# #. # ....
#.###...### .. . .≈.≈ #
#.......# # .... #.#.##)##.# #
#### #...#...#..##


You could see RedPan's ghost.

Vanquished Creatures
  Robin (D:2)
  8 adders
  4 river rats
  An ooze (D:2)
  2 worms
  3 dart slugs
  2 leopard geckos (D:1)
  6 orcs (D:3)
  3 ball pythons
  4 giant cockroaches
  12 goblins
  11 hobgoblins
  11 bats
  13 frilled lizards
  4 kobolds
  18 rats
103 creatures vanquished.

Notes
Turn   | Place    | Note
-------+----------+-------------------------------------------
     0 | D:1      | RedPan the Demonspawn Monk began the quest for the Orb.
     0 | D:1      | Reached XP level 1. HP: 18/18 MP: 1/1
   333 | D:1      | Gained mutation: You have sharp toenails. [demonic ancestry]
   333 | D:1      | Reached XP level 2. HP: 21/24 MP: 2/2
  1049 | D:2      | Noticed Robin
  1065 | D:1      | HP: 1/24 [adder (3)]
  1068 | D:1      | Gained mutation: You have razor-sharp toenails. [demonic ancestry]
  1068 | D:1      | Reached XP level 3. HP: 9/29 MP: 3/3
  1481 | D:2      | Found a faded altar of an unknown god.
  1545 | D:2      | Found a hazy altar of Hepliaklqana.
  1924 | D:2      | Found a shimmering altar of Xom.
  2247 | D:1      | Gained mutation: You are partially covered in yellow scales. (AC +2) [demonic ancestry]
  2247 | D:1      | Reached XP level 4. HP: 17/35 MP: 4/4
  2911 | D:2      | Found a shimmering altar of Xom.
  2911 | D:2      | Found a shimmering altar of Xom.
  2912 | D:2      | Found a shimmering altar of Xom.
  2912 | D:2      | Found a shimmering altar of Xom.
  2974 | D:2      | Found an ancient bone altar of Kikubaaqudgha.
  3036 | D:2      | Killed Robin
  3477 | D:3      | Gained mutation: When hurt, damage is shared between your health and your magic reserves. [demonic ancestry]
  3477 | D:3      | Reached XP level 5. HP: 37/42 MP: 5/5
  3674 | D:3      | Found a glowing drain.
  3780 | Sewer    | Entered a sewer
  4089 | Sewer    | Reached skill level 1 in Shields
  4608 | D:3      | Found an iron altar of Okawaru.
  4612 | D:3      | Noticed RedPan's ghost (amateur DsMo)
  4653 | D:3      | Slain by RedPan's ghost

Vault maps used:
D:1:      lightli_arrival_lavapool
D:2:      nicolae_overflow_crystal_walls, overflow_temple_1_default,
          xom_redecorated, chequers_ecumenical_altar_simple_redux, uniq_robin
D:3:      nicolae_ru_path_of_blood, portal_sewer_entry_e, okawaru_gym_becter
Sewer:    sewer_co_cracked_pipes

Skill      XL: |  1  2  3  4  5 |
---------------+----------------+-----
Unarmed Combat | 3 4 |  4.5
Dodging        | 3 |  3.6
Fighting       | 4 |  4.0
Shields        | 1 |  1.0
Stealth        | |  1.7

Action                   |  1- 3 |  4- 6 || total
-------------------------+-------+-------++-------
Melee: Unarmed           |   161 |   230 ||   391
       Kick              |    35 |    52 ||    87
       Punch             |     1 |     4 ||     5
  Use: Potion            |     1 |     2 ||     3
       Scroll            |       |     2 ||     2
 Stab: Sleeping          |     2 |     5 ||     7
  Eat: Chunk             |     4 |     8 ||    12
Armor: Robe              |    19 |    56 ||    75
       Skin              |       |     9 ||     9
Dodge: Dodged            |   119 |   133 ||   252

Table legend:
 A = Spawn XP
 B = Non-spawn XP
 C = Spawn XP percentage of total XP
 D = Spawn monster count
 E = Non-spawn monster count
 F = Spawn count percentage of total count
 G = Total turns spent on level
                    A         B        C        D         E        F      G
               +---------+---------+-------+---------+---------+-------+---------
         Total |       0 |     336 |   0.0 |       0 |     103 |   0.0 |  4653
               +---------+---------+-------+---------+---------+-------+---------
           D:1 |       0 |      69 |   0.0 |       0 |      27 |   0.0 |  2163
           D:2 |       0 |     106 |   0.0 |       0 |      28 |   0.0 |  1261
           D:3 |       0 |     107 |   0.0 |       0 |      31 |   0.0 |   741
         Sewer |       0 |      54 |   0.0 |       0 |      17 |   0.0 |   488
               +---------+---------+-------+---------+---------+-------+---------
